PAAA
PLYMOUTH ROCKS @ FOREST CITY WARRIORS
08/18/2042
 
TOP OF THE 1ST
Plymouth Rocks batting - Pitching for Forest City Warriors : RHP Wilson Alindogan
Pitching: RHP Wilson Alindogan
Batting: LHB You-liang Yang 0-0: Called Strike
0-1: Called Strike
0-2: Foul Ball, location: 2F
0-2: Ball
1-2: Foul Ball, location: 2F
1-2: Strikes out looking
Batting: RHB Josip Primorac 0-0: Called Strike
0-1: Called Strike
0-2: Ball
1-2: Fly out, F7 (Line Drive, 7D, EV 91.2 MPH)
Batting: RHB Elias den Blick 0-0: Ball
1-0: Called Strike
1-1: Called Strike
1-2: Strikes out looking
Top of the 1st over - 0 runs, 0 hits, 0 errors, 0 left on base; Plymouth 0 - Forest City 0
BOTTOM OF THE 1ST
Forest City Warriors batting - Pitching for Plymouth Rocks : RHP Alberto Álvarez
Pitching: RHP Alberto Álvarez
Batting: SHB Esteban Piñeiro 0-0: Swinging Strike
0-1: Foul Ball, location: 2F
0-2: Ball
1-2: Ball
2-2: Foul Ball, location: 2F
2-2: Ball
3-2: Ground out 6-3 (Groundball, 6, EV 81.2 MPH)
Batting: LHB Luis Aranda 0-0: Foul Ball, location: 2F
0-1: SINGLE (Line Drive, 7S, EV 90.6 MPH)
Batting: RHB Charlie Cummings 0-0: Foul Ball, location: 2F
0-1: Ball
1-1: Ball
2-1: Swinging Strike
2-2: Strikes out swinging
Batting: LHB Danny Rodríguez 0-0: Ball
1-0: Called Strike
1-1: Ball
2-1: Foul Ball, location: 2F
2-2: Foul Ball, location: 2F
2-2: Foul Ball, location: 2F
2-2: Foul Ball, location: 2F
2-2: Fielders Choice at 2nd, 5-4 (Groundball, 5, EV 80.6 MPH)
Bottom of the 1st over - 0 runs, 1 hit, 0 errors, 1 left on base; Plymouth 0 - Forest City 0
TOP OF THE 2ND
Plymouth Rocks batting - Pitching for Forest City Warriors : RHP Wilson Alindogan
Batting: LHB Rafael Martínez 0-0: Ball
1-0: Ball
2-0: Ball
3-0: Base on Balls
Batting: RHB Jaime Burgos 0-0: Ball
1-0: DOUBLE (Flyball, 89D, EV 107.5 MPH)
Rafael Martínez to third
Rafael Martínez scores
Batting: LHB Jesús Guillén 0-0: Ball
1-0: Ball
2-0: Called Strike
2-1: Fly out, F8 (Flyball, 8LS, EV 92.5 MPH)
Batting: RHB Jack Bonner 0-0: Ball
1-0: Swinging Strike
1-1: Swinging Strike
1-2: Ball
2-2: Strikes out swinging
Batting: RHB Curt Taylor 0-0: Ball
1-0: Swinging Strike
1-1: Foul Ball, location: 2F
1-2: Foul Ball, location: 2F
1-2: Foul Ball, location: 2F
1-2: Strikes out looking and he ARGUES THE CALL AND IS TOSSED!
Top of the 2nd over - 1 run, 1 hit, 0 errors, 1 left on base; Plymouth 1 - Forest City 0
BOTTOM OF THE 2ND
Forest City Warriors batting - Pitching for Plymouth Rocks : RHP Alberto Álvarez
Now at 2B: Daniel Divina
Batting: RHB Lawrence Stokes 0-0: Foul Ball, location: 2F
0-1: Ball
1-1: Foul Ball, location: 2F
1-2: Ground out 5-3 (Groundball, 56, EV 95.6 MPH)
Batting: LHB Pat Carter 0-0: Ball
1-0: Called Strike
1-1: Called Strike
1-2: Foul Ball, location: 2F
1-2: Strikes out swinging
Batting: RHB José Álvarez 0-0: Swinging Strike
0-1: Ball
1-1: Ground out 6-3 (Groundball, 6, EV 81.2 MPH)
Bottom of the 2nd over - 0 runs, 0 hits, 0 errors, 0 left on base; Plymouth 1 - Forest City 0
TOP OF THE 3RD
Plymouth Rocks batting - Pitching for Forest City Warriors : RHP Wilson Alindogan
Batting: RHB António Avery 0-0: Swinging Strike
0-1: Ball
1-1: Called Strike
1-2: Strikes out swinging
Batting: LHB You-liang Yang 0-0: Called Strike
0-1: Ground out 4-3 (Groundball, 4S, EV 92.5 MPH)
Batting: RHB Josip Primorac 0-0: Ball
1-0: Called Strike
1-1: Swinging Strike
1-2: Foul Ball, location: 2F
1-2: Ball
2-2: Fly out, F3 (Popup, 3L, EV 68.8 MPH)
Top of the 3rd over - 0 runs, 0 hits, 0 errors, 0 left on base; Plymouth 1 - Forest City 0
BOTTOM OF THE 3RD
Forest City Warriors batting - Pitching for Plymouth Rocks : RHP Alberto Álvarez
Batting: RHB Dale Epner 0-0: Foul Ball, location: 2F
0-1: Called Strike
0-2: Foul Ball, location: 2F
0-2: SINGLE (Groundball, 56D, EV 106.2 MPH)
Batting: RHB Yu-bao Wie 0-0: Called Strike
Dale Epner is caught stealing 2nd base 2-4
0-1: Called Strike
0-2: Fly out, F6 (Line Drive, 6, EV 70.6 MPH)
Batting: SHB Esteban Piñeiro 0-0: Called Strike
0-1: Ball
1-1: Swinging Strike
1-2: Ball
2-2: Foul Ball, location: 2F
2-2: Ball
3-2: Strikes out looking
Bottom of the 3rd over - 0 runs, 1 hit, 0 errors, 0 left on base; Plymouth 1 - Forest City 0
TOP OF THE 4TH
Plymouth Rocks batting - Pitching for Forest City Warriors : RHP Wilson Alindogan
Batting: RHB Elias den Blick 0-0: Ball
1-0: Called Strike
1-1: Called Strike
1-2: Ball
2-2: Ball
3-2: DOUBLE (Line Drive, 5D, EV 100.0 MPH)
Batting: LHB Rafael Martínez 0-0: Ball
1-0: Fly out, F7 (Line Drive, 7D, EV 86.9 MPH)
Runner from 2nd tags up, SAFE at 3rd, no throw by LF
Batting: RHB Jaime Burgos 0-0: Foul Ball, location: 2F
0-1: Called Strike
0-2: DOUBLE (Line Drive, 5D, EV 97.5 MPH)
Elias den Blick scores
Batting: LHB Jesús Guillén 0-0: Ball
1-0: Ball
2-0: Foul Ball, location: 2F
2-1: Called Strike
2-2: SINGLE (Groundball, 4, EV 101.9 MPH) (infield hit)
Jaime Burgos to third
Batting: RHB Jack Bonner 0-0: Ball
1-0: Foul Ball, location: 2F
1-1: Fly out, F9 (Flyball, 9LD, EV 103.8 MPH)
Runner from 3rd tags up, SCORES, no throw by RF
Batting: RHB Daniel Divina 0-0: Ball
1-0: Ball
2-0: Fly out, F7 (Flyball, 7LSF, EV 95.0 MPH)
Top of the 4th over - 2 runs, 3 hits, 0 errors, 1 left on base; Plymouth 3 - Forest City 0
BOTTOM OF THE 4TH
Forest City Warriors batting - Pitching for Plymouth Rocks : RHP Alberto Álvarez
Batting: LHB Luis Aranda 0-0: Called Strike
0-1: Ball
1-1: Ground out U3 (Groundball, 3, EV 103.1 MPH)
Batting: RHB Charlie Cummings 0-0: Reached via error on a dropped throw from SS, E3 (Groundball, 6, EV 81.9 MPH)
Batting: LHB Danny Rodríguez 0-0: Foul Ball, location: 2F
0-1: SINGLE (Line Drive, 8RS, EV 106.9 MPH)
Charlie Cummings to second
Batting: RHB Lawrence Stokes 0-0: Ball
1-0: Called Strike
1-1: Foul Ball, location: 2F
1-2: Ball
2-2: Strikes out swinging
Batting: LHB Pat Carter 0-0: Ball
1-0: Called Strike
1-1: Foul Ball, location: 2F
1-2: Reached on error, E3 (Groundball, 34, EV 85.0 MPH)
Charlie Cummings to third
Danny Rodríguez to second
Batting: RHB José Álvarez 0-0: Foul Ball, location: 2F
0-1: Ball
1-1: Ball
2-1: Ball
3-1: Foul Ball, location: 2F
3-2: Foul Ball, location: 2F
3-2: Ground out 6-3 (Groundball, 6, EV 85.6 MPH)
Bottom of the 4th over - 0 runs, 1 hit, 2 errors, 3 left on base; Plymouth 3 - Forest City 0
TOP OF THE 5TH
Plymouth Rocks batting - Pitching for Forest City Warriors : RHP Wilson Alindogan
Batting: RHB António Avery 0-0: Called Strike
0-1: Foul Ball, location: 2F
0-2: Strikes out swinging
Batting: LHB You-liang Yang 0-0: Ball
1-0: Foul Ball, location: 2F
1-1: Ball
2-1: SINGLE (Groundball, 6D, EV 103.1 MPH)
Batting: RHB Josip Primorac 0-0: Called Strike
You-liang Yang steals 2nd base
0-1: Fly out, F7 (Line Drive, 7D, EV 96.9 MPH)
Runner from 2nd tags up, SAFE at 3rd, no throw by LF
Batting: RHB Elias den Blick 0-0: Fly out, F8 (Flyball, 8RD, EV 101.2 MPH)
Top of the 5th over - 0 runs, 1 hit, 0 errors, 1 left on base; Plymouth 3 - Forest City 0
BOTTOM OF THE 5TH
Forest City Warriors batting - Pitching for Plymouth Rocks : RHP Alberto Álvarez
Batting: RHB Dale Epner 0-0: Called Strike
0-1: Ball
1-1: Foul Ball, location: 2F
1-2: SINGLE (Line Drive, 56, EV 94.4 MPH)
Batting: RHB Yu-bao Wie 0-0: Ball
Dale Epner is caught stealing 2nd base 2-4
1-0: Called Strike
1-1: Bunted foul
1-2: Foul Ball, location: 2F
1-2: Strikes out swinging
Batting: SHB Esteban Piñeiro 0-0: Swinging Strike
0-1: Called Strike
0-2: Foul Ball, location: 2F
0-2: Ball
1-2: DOUBLE (Flyball, 89D, EV 100.0 MPH)
Batting: LHB Luis Aranda 0-0: Ball
1-0: Foul Ball, location: 2F
1-1: Ball
2-1: Foul Ball, location: 2F
2-2: Ball
3-2: Foul Ball, location: 2F
3-2: Strikes out swinging
Bottom of the 5th over - 0 runs, 2 hits, 0 errors, 1 left on base; Plymouth 3 - Forest City 0
TOP OF THE 6TH
Plymouth Rocks batting - Pitching for Forest City Warriors : RHP Wilson Alindogan
Batting: LHB Rafael Martínez 0-0: SINGLE (Line Drive, 5D, EV 94.4 MPH)
Batting: RHB Jaime Burgos 0-0: Ball
1-0: Called Strike
1-1: Ball
2-1: Ball
3-1: SINGLE (Line Drive, 9S, EV 106.9 MPH)
Rafael Martínez to second
Batting: LHB Jesús Guillén 0-0: SINGLE (Groundball, 34D, EV 108.1 MPH)
Rafael Martínez to third
Jaime Burgos to second
Batting: RHB Jack Bonner 0-0: Ball
1-0: SINGLE (Line Drive, 7LS, EV 103.1 MPH)
Rafael Martínez scores
Jaime Burgos to third
Jesús Guillén to second
Batting: RHB Daniel Divina 0-0: Fly out, F9 (Flyball, 89D, EV 90.6 MPH)
Runner from 3rd tags up, OUT at HOME! 9-2
Jesús Guillén to third
Jack Bonner to second
Batting: RHB António Avery 0-0: Ball
1-0: Foul Ball, location: 2F
1-1: Foul Ball, location: 2F
1-2: Strikes out looking
Top of the 6th over - 1 run, 4 hits, 0 errors, 2 left on base; Plymouth 4 - Forest City 0
BOTTOM OF THE 6TH
Forest City Warriors batting - Pitching for Plymouth Rocks : RHP Alberto Álvarez
Batting: RHB Charlie Cummings 0-0: Foul Ball, location: 2F
0-1: Ball
1-1: Called Strike
1-2: Ball
2-2: Fly out, F8 (Flyball, 8RS, EV 87.5 MPH)
Batting: LHB Danny Rodríguez 0-0: Foul Ball, location: 2F
0-1: Ball
1-1: Foul Ball, location: 2F
1-2: Ball
2-2: Foul Ball, location: 2F
2-2: Fly out, F8 (Flyball, 8RD, EV 93.1 MPH)
Batting: RHB Lawrence Stokes 0-0: Ball
1-0: Called Strike
1-1: Foul Ball, location: 2F
1-2: Foul Ball, location: 2F
1-2: Ball
2-2: Foul Ball, location: 2F
2-2: SOLO HOME RUN (Line Drive, 7LD, EV 97.5 MPH), Distance : 334 ft
Batting: LHB Pat Carter 0-0: Ball
1-0: DOUBLE (Flyball, 89D, EV 93.8 MPH)
Pitching: RHP Víctor Deleón
Batting: RHB José Álvarez 0-0: Ball
1-0: Fly out, F9 (Flyball, 9LM, EV 103.8 MPH)
Bottom of the 6th over - 1 run, 2 hits, 0 errors, 1 left on base; Plymouth 4 - Forest City 1
TOP OF THE 7TH
Plymouth Rocks batting - Pitching for Forest City Warriors : RHP Wilson Alindogan
Batting: LHB You-liang Yang 0-0: SOLO HOME RUN (Flyball, 9D, EV 91.9 MPH), Distance : 352 ft
Pitching: RHP Dave Berry
Batting: RHB Josip Primorac 0-0: Foul Ball, location: 2F
0-1: Fly out, F8 (Flyball, 8LD, EV 90.6 MPH)
Batting: RHB Elias den Blick 0-0: Foul Ball, location: 2F
0-1: DOUBLE (Line Drive, 9LS, EV 96.9 MPH)
Batting: LHB Rafael Martínez 0-0: Ball
1-0: Ball
2-0: Called Strike
2-1: Ground out 4-3 (Groundball, 4, EV 108.8 MPH)
Elias den Blick to third
Batting: RHB Jaime Burgos 0-0: Called Strike
0-1: Ball
1-1: Ground out 4-3 (Groundball, 4MD, EV 101.9 MPH)
Top of the 7th over - 1 run, 2 hits, 0 errors, 1 left on base; Plymouth 5 - Forest City 1
BOTTOM OF THE 7TH
Forest City Warriors batting - Pitching for Plymouth Rocks : RHP Víctor Deleón
Batting: RHB Dale Epner 0-0: Foul Ball, location: 2F
0-1: Ball
1-1: Ground out 5-3 (Groundball, 56S, EV 88.8 MPH)
Batting: RHB Yu-bao Wie 0-0: Foul Ball, location: 2F
0-1: Ball
1-1: Ball
2-1: Called Strike
2-2: Ball
3-2: Base on Balls
Batting: SHB Esteban Piñeiro 0-0: Ball
Yu-bao Wie steals 2nd base
1-0: Ball
2-0: Ball
3-0: Called Strike
3-1: Swinging Strike
3-2: Ground out 4-3 (Groundball, 4, EV 105.0 MPH)
Yu-bao Wie to third
Batting: LHB Luis Aranda 0-0: Ball
1-0: Ball
2-0: Ball
3-0: Called Strike
3-1: Base on Balls
Batting: RHB Charlie Cummings 0-0: Foul Ball, location: 2F
0-1: Ball
1-1: Ball
2-1: Called Strike
2-2: Fly out, F9 (Flyball, 9D, EV 93.8 MPH)
Bottom of the 7th over - 0 runs, 0 hits, 0 errors, 2 left on base; Plymouth 5 - Forest City 1
TOP OF THE 8TH
Plymouth Rocks batting - Pitching for Forest City Warriors : RHP Dave Berry
Batting: LHB Jesús Guillén 0-0: Ground out 5-3 (Groundball, 5, EV 83.8 MPH)
Batting: RHB Jack Bonner 0-0: Called Strike
0-1: Foul Ball, location: 2F
0-2: Fly out, F4 (Popup, 34S, EV 68.8 MPH)
Batting: RHB Daniel Divina 0-0: Ball
1-0: Ball
2-0: Ball
3-0: Base on Balls
Batting: RHB António Avery 0-0: Called Strike
0-1: Ground out 1-3 (Groundball, 13S, EV 60.0 MPH)
Top of the 8th over - 0 runs, 0 hits, 0 errors, 1 left on base; Plymouth 5 - Forest City 1
BOTTOM OF THE 8TH
Forest City Warriors batting - Pitching for Plymouth Rocks : RHP Víctor Deleón
Batting: LHB Danny Rodríguez 0-0: Foul Ball, location: 2F
0-1: Ball
1-1: Ball
2-1: Ball
3-1: Base on Balls
Batting: RHB Lawrence Stokes 0-0: Ball
1-0: Grounds into double play, 6-4-3 (Groundball, 56, EV 103.8 MPH)
Batting: LHB Pat Carter 0-0: Called Strike
0-1: Ball
1-1: Foul Ball, location: 2F
1-2: Ball
2-2: Fly out, F7 (Flyball, 78D, EV 100.0 MPH)
Bottom of the 8th over - 0 runs, 0 hits, 0 errors, 0 left on base; Plymouth 5 - Forest City 1
TOP OF THE 9TH
Plymouth Rocks batting - Pitching for Forest City Warriors : RHP Dave Berry
Batting: LHB You-liang Yang 0-0: Swinging Strike
0-1: Ball
1-1: Swinging Strike
1-2: Ball
2-2: Strikes out swinging
Batting: RHB Josip Primorac 0-0: Ball
1-0: Ball
2-0: Foul Ball, location: 2F
2-1: Called Strike
2-2: Ground out 6-3 (Groundball, 6S, EV 80.6 MPH)
Batting: RHB Elias den Blick 0-0: Ball
1-0: Called Strike
1-1: Foul Ball, location: 2F
1-2: Foul Ball, location: 2F
1-2: Ball
2-2: Ball
3-2: Fly out, F8 (Flyball, 8RM, EV 90.0 MPH)
Top of the 9th over - 0 runs, 0 hits, 0 errors, 0 left on base; Plymouth 5 - Forest City 1
BOTTOM OF THE 9TH
Forest City Warriors batting - Pitching for Plymouth Rocks : RHP Víctor Deleón
Pitching: RHP Erik Jackson
Batting: RHB José Álvarez 0-0: Ball
1-0: Fly out, F9 (Flyball, 9S, EV 93.8 MPH)
Batting: RHB Dale Epner 0-0: Foul Ball, location: 2F
0-1: Ball
1-1: Foul Ball, location: 2F
1-2: Ball
2-2: Foul Ball, location: 2F
2-2: Strikes out looking
Batting: RHB Yu-bao Wie 0-0: Ball
1-0: Called Strike
1-1: Fly out, F9 (Flyball, 9S, EV 80.6 MPH)
Bottom of the 9th over - 0 runs, 0 hits, 0 errors, 0 left on base; Plymouth 5 - Forest City 1
Friday, March 26th, 2021 - OOTP Baseball 20.8 Build 74